 Dungeon Crawl Stone Soup version 0.32-a0-791-gfc315c9ecd (webtiles) character file.

Game seed: 9794153125942482047

10345 Revguard the Blocker (level 11, -5/83 HPs)
             Began as a Demonspawn Fighter on Mar 20, 2024.
             Was a Follower of Qazlal.
             Slain by a skeletal warrior
             ... wielding a +0 trident
              (18 damage)
             ... on level 11 of the Dungeon.
             The game lasted 00:27:00 (10065 turns).

Revguard the Blocker (Demonspawn Fighter)          Turns: 10065, Time: 00:27:02

Health: -5/83      AC: 25    Str: 20 (22) XL:     11   Next: 35%
Magic:  14/25      EV:  8    Int:  7 (8)  God:    Qazlal [*.....]
Gold:   1207       SH: 18    Dex: 12 (14) Spells: 10/10 levels left

rFire   . . .        j - +0 demon whip (venom)
rCold   . . .        z - +2 kite shield
rNeg    . . .        B - +6 plate armour of Cowardice {Regen+ Dex+2}
rPois   .            r - +0 helmet
rElec   .            (no cloak)
rCorr   .            t - +0 pair of gloves
SInv    .            (no boots)
Will    .....        (no amulet) Stlth
                     y - ring of magical power
HPRegen 1.13/turn    (no ring)
MPRegen 0.19/turn

%: no passive effects
@: no status effects
A: repulsion field 2, foul stench 1, icemail 1, condensation shield, weakness
stinger 2
a: Renounce Religion


You were on level 11 of the Dungeon.
You worshipped Qazlal.
Qazlal was aware of your devotion.
You visited 2 branches of the dungeon, and saw 12 of its levels.
You also visited: Bailey.

You collected 1207 gold pieces.

Inventory:

Hand Weapons
 a - a +0 war axe
 j - a +0 demon whip of venom (weapon)
Missiles
 u - a throwing net
Armour
 b - a +0 scale mail
 c - a +0 buckler
 r - a +0 helmet (worn)
 t - a +0 pair of gloves (worn)
 z - a +2 kite shield (worn)
 B - the +6 plate armour of Cowardice (worn) {Regen+ Dex+2}
   (You found it on level 6 of the Dungeon)

   Dex+2:     It affects your dexterity (+2).
   Regen+:    It increases your rate of health regeneration.
Jewellery
 d - a ring of poison resistance
 n - a ring of fire
 p - an amulet of faith
 q - a ring of fire
 y - a ring of magical power (left hand)
 A - a ring of fire
Wands
 x - a wand of flame (30) (quivered)
Potions
 g - a potion of enlightenment
 h - 5 potions of cancellation
 i - a potion of might
 l - 2 potions of curing
 m - a potion of lignification
 o - a potion of attraction
 v - 2 potions of brilliance


   Skills:
 + Level 6.9 Fighting
 * Level 8.0 Axes
 + Level 6.1 Armour
 + Level 5.2 Dodging
 * Level 8.3 Shields
 + Level 7.8 Invocations
 + Level 5.7 Evocations


You had 10 spell levels left.
You didn't know any spells.
Your spell library contained the following spells:

 Spells                   Type           Power      Damage    Failure   Level
 Summon Small Mammal      Summ           0%         N/A       100%        1
 Call Canine Familiar     Summ           0%         N/A       100%        3
 Animate Armour           Summ/Erth      0%         N/A       100%        4
 Summon Blazeheart Golem  Fire/Summ      0%         N/A       100%        4
 Summon Lightning Spire   Summ/Air       0%         N/A       100%        4
 Lee's Rapid Deconstruct  Erth           0%         3d4*      100%        5


Dungeon Overview and Level Annotations

Branches:
Dungeon (11/15)            Temple (1/1) D:7             Orc (0/2) D:11
 Bailey (visited)
   Lair: D:8-11

Altars:
Ashenzari
Cheibriados
Dithmenos
Fedhas
Gozag
Hepliaklqana
Kikubaaqudgha
Makhleb
Nemelex Xobeh
Okawaru
Qazlal
Ru
Sif Muna
Trog
Uskayaw
Vehumet
Wu Jian
Xom
Yredelemnul

Annotations:
D:11 Erica


Innate Abilities, Weirdness & Mutations

You are surrounded by a moderate repulsion field. (EV +3)
You may rarely emit foul miasma when damaged in melee.
A meltable icy envelope protects you from harm. (AC +4)
A meltable shield of frost defends you. (SH +4)
You have a tail ending in a sharp stinger.


Message History

The skeletal warrior completely misses you.
The skeletal warrior barely misses you.
You whack the skeletal warrior!
The skeletal warrior is moderately damaged.
You block the skeletal warrior's attack. x2
The skeletal warrior hits you with a +3 short sword!!
You closely miss the skeletal warrior. You tail-slap the skeletal warrior.
The skeletal warrior is moderately damaged.
The skeletal warrior hits you from afar with a +0 trident.
You closely miss the skeletal warrior.
The skeletal warrior is moderately damaged.
You block the skeletal warrior's attack. x3
You hit the skeletal warrior.
You tail-slap the skeletal warrior, but do no damage.
The skeletal warrior is moderately damaged.
The skeletal warrior hits you but does no damage.
You block the skeletal warrior's attack.
The skeletal warrior barely misses you.
You hit the skeletal warrior but do no damage.
The skeletal warrior is moderately damaged.
The skeletal warrior hits you with a +0 war axe.
You block the skeletal warrior's attack. x2
You closely miss the skeletal warrior.
The skeletal warrior is moderately damaged.
The skeletal warrior hits you with a +3 short sword!
You block the skeletal warrior's attack.
The skeletal warrior hits you but does no damage.
Okay, then.
You barely miss the skeletal warrior.
The skeletal warrior is moderately damaged.
The skeletal warrior hits you with a +3 short sword!
* * * LOW HITPOINT WARNING * * *
You block the skeletal warrior's attack. x2
You hit the skeletal warrior.
The skeletal warrior is heavily damaged.
You block the skeletal warrior's attack.
The skeletal warrior hits you with a +0 war axe.
* * * LOW HITPOINT WARNING * * *
The skeletal warrior hits you from afar with a +0 trident!!
You die...

##.###########
#.........?..##.#
#..z.........##.#
#.)..........##.#
#.z..........##.#
#.z..........##.#
##.############.#
#.##### #z#
#zz...# #@#
#.###.# #z# ###
#z# #z# #.# #.#
#z# #.# #z# #.#
#z# #.# #.# #.#
#.########.#


You could see 3 skeletal warriors.

Vanquished Creatures
  A hydra (D:9)
  Sonja (D:10)
  Amaemon (D:8)
  2 skeletal warriors (D:11)
  Pikel (D:5)
  An orc knight (Bailey)
  An orange demon (D:8)
  A kobold demonologist (D:11)
  A troll (D:11)
  8 yaks (D:10)
  Eustachio (D:7)
  2 vampire mosquitoes (D:11)
  A steam dragon (D:3)
  2 water moccasins (D:5)
  3 ice beasts
  5 orc warriors
  2 sky beasts (D:7)
  A black bear (D:7)
  An ogre (D:5)
  4 centaurs
  2 lemures (D:5)
  9 kobold brigands
  2 gnoll sergeants
  A bullfrog (D:7)
  4 scorpions
  4 wights (D:6)
  5 howler monkeys
  5 bombardier beetles
  3 orc priests
  Crazy Yiuf (D:5)
  A hound (D:7)
  2 jellies
  2 gnoll boudas (D:9)
  3 iguanas
  A sleepcap (D:8)
  5 orc wizards
  Robin (D:3)
  27 gnolls
  6 adders
  A shadow imp (D:7)
  A white imp (D:5)
  4 dart slugs
  3 ribbon worms (D:4)
  28 orcs
  9 ball pythons
  6 bats
  8 endoplasms
  3 giant cockroaches
  23 goblins
  11 hobgoblins
  4 jackals (D:1)
  2 quokkas
  2 training dummies (D:4)
  A frilled lizard (D:3)
  31 kobolds
  5 rats (D:1)
266 creatures vanquished.

Notes
Turn   | Place    | Note
-------+----------+-------------------------------------------
     0 | D:1      | Revguard the Demonspawn Fighter began the quest for the
                  | Orb.
     0 | D:1      | Reached XP level 1. HP: 18/18 MP: 1/1
    39 | D:1      | Gained mutation: You have a small tail. [demonic ancestry]
    39 | D:1      | Reached XP level 2. HP: 24/24 MP: 2/2
   104 | D:1      | Reached skill level 1 in Invocations
   134 | D:1      | Found a faded altar of an unknown god.
   346 | D:1      | Reached XP level 3. HP: 26/29 MP: 3/3
   530 | D:2      | Found a sacrificial altar of Ru.
  1176 | D:2      | Gained mutation: A meltable shield of frost defends you.
                  | (SH +4) [demonic ancestry]
  1176 | D:2      | Reached XP level 4. HP: 35/35 MP: 5/5
  1340 | D:3      | Reached skill level 1 in Dodging
  1415 | D:3      | Reached skill level 1 in Evocations
  1569 | D:3      | Noticed Robin
  1597 | D:3      | Killed Robin
  1745 | D:3      | Found a sparkling altar of Nemelex Xobeh.
  1746 | D:3      | Found a blossoming altar of Fedhas.
  1833 | D:3      | Reached XP level 5. HP: 15/41 MP: 6/6
  2370 | D:3      | Noticed a steam dragon
  2379 | D:3      | Killed a steam dragon
  2380 | D:3      | Reached XP level 6. HP: 14/47 MP: 6/8
  3368 | D:5      | Entered Level 5 of the Dungeon
  3369 | D:5      | Noticed Pikel
  3421 | D:5      | Killed Pikel
  3422 | D:5      | Gained mutation: You may rarely emit foul miasma when
                  | damaged in melee. [demonic ancestry]
  3422 | D:5      | Reached XP level 7. HP: 7/54 MP: 9/9
  3640 | D:5      | Gained mutation: A meltable icy envelope protects you from
                  | harm. (AC +4) [demonic ancestry]
  3640 | D:5      | Reached XP level 8. HP: 58/60 MP: 9/11
  3670 | D:5      | Found a runed translucent door.
  3671 | D:5      | Noticed Crazy Yiuf
  3901 | D:5      | Reached skill level 5 in Shields
  4217 | D:5      | Noticed Eustachio
  4281 | D:5      | Reached skill level 5 in Axes
  4669 | D:5      | Killed Crazy Yiuf
  5072 | D:6      | Identified the +6 plate armour of Cowardice {Regen+ Dex+2}
  5172 | D:6      | Reached skill level 5 in Invocations
  5202 | D:6      | Gained mutation: You are surrounded by a mild repulsion
                  | field. (EV +2) [demonic ancestry]
  5202 | D:6      | Reached XP level 9. HP: 67/67 MP: 12/12
  5351 | D:6      | Reached skill level 5 in Fighting
  5685 | D:7      | Found a staircase to the Ecumenical Temple.
  5708 | Temple   | Entered the Ecumenical Temple
  5828 | D:7      | Found a stormy altar of Qazlal.
  5837 | D:7      | Became a worshipper of Qazlal Stormbringer
  6196 | D:7      | Killed Eustachio
  6315 | D:7      | Found a sacrificial altar of Ru.
  6410 | D:8      | Found a flagged portal.
  6418 | Bailey   | Entered a bailey
  6437 | Bailey   | Reached * piety under Qazlal
  6494 | Bailey   | Reached skill level 5 in Armour
  6501 | Bailey   | Identified the +6 scale mail of the Tuna {rF+ Dex+3}
  6504 | Bailey   | Noticed an orc knight
  6522 | Bailey   | Killed an orc knight
  6523 | Bailey   | Gained mutation: You have a tail ending in a sharp stinger.
                  | [demonic ancestry]
  6523 | Bailey   | Reached XP level 10. HP: 44/76 MP: 14/14
  6527 | Bailey   | Found a burning altar of Makhleb.
  6710 | D:8      | Reached ** piety under Qazlal
  6857 | D:8      | Noticed a centaur warrior
  7284 | D:8      | Noticed an orange demon
  7287 | D:8      | Noticed Amaemon
  7297 | D:8      | Killed an orange demon
  7315 | D:8      | Killed Amaemon
  7623 | D:8      | Identified the +8 dagger of Arbitration {venom, Int+4}
  8381 | D:9      | Found a burning altar of Makhleb.
  8620 | D:10     | Entered Level 10 of the Dungeon
  8627 | D:10     | Noticed a six-headed hydra
  8628 | D:10     | Reached skill level 5 in Evocations
  8776 | D:9      | Killed a six-headed hydra
  9130 | D:10     | Noticed Sonja
  9168 | D:10     | Killed Sonja
  9273 | D:10     | Found a radiant altar of Vehumet.
  9351 | D:10     | Gained mutation: You are surrounded by a moderate repulsion
                  | field. (EV +3) [demonic ancestry]
  9351 | D:10     | Reached XP level 11. HP: 71/83 MP: 16/16
  9358 | D:10     | Reached skill level 5 in Dodging
  9414 | D:10     | Identified the +0 chain mail "Erao" {rElec Stlth+}
  9660 | D:11     | Found a staircase to the Orcish Mines.
  9664 | D:11     | Noticed Erica
  9679 | D:11     | Noticed a skeletal warrior
  9679 | D:11     | Noticed a skeletal warrior
  9679 | D:11     | Noticed a skeletal warrior
  9679 | D:11     | Noticed a skeletal warrior
  9679 | D:11     | Noticed a skeletal warrior
 10017 | D:11     | Killed a skeletal warrior
 10039 | D:11     | Killed a skeletal warrior
 10065 | D:11     | Slain by a skeletal warrior

Illustrated notes

Levels and vault maps discovered:
D:1:      dpeg_arrival_connections, layout_rooms,
          chequers_ecumenical_altar_lobes
D:2:      layout_basic, basic_altar, minivault_23, minmay_misc_feat_nine_boxes,
          feat_on_display
D:3:      layout_basic, grunt_temple_overflow_open, uniq_robin
D:4:      dreamdust_elfheim, layout_rooms, serial_library_hellmonk_room_b,
          kennysheep_generic_room_7
D:5:      layout_loops_ring, uniq_pikel, uniq_eustachio, uniq_crazy_yiuf_cottage
D:6:      layout_loops_ring, patterned_corridor
D:7:      layout_rooms, lemuel_coloured_pillars_altar,
          nicolae_qazlal_style_of_elements, minmay_temple_entry_stoned_glass
D:8:      layout_basic, lightli_bailey_entry_fortress, serial_co_window_serial,
          co_window_paths_a, co_window_paths_b, co_window_corner_a,
          co_window_paths_b, co_window_paths_a, co_window_2corner,
          co_window_unsneaky_path_c, co_window_broadway_a, co_window_paths_c,
          co_window_paths_d, glass_columns_c, glass_columns_b, glass_columns_a,
          glass_columns_a, onia_ninara_dug_in_and_dangerous, uniq_amaemon
D:9:      layout_basic, lightli_temple_of_fire
D:10:     layout_loops_ring, vehumet_altar_wand_db, zin_academy,
          minmay_misc_feat_diagonals, kennysheep_generic_room_14, uniq_sonja
D:11:     layout_basic, dpeg_lair_monsters, orc_0_dummy, uniq_erica
Temple:   minmay_freezing_vapour_temple

Skill      XL: |  1  2  3  4  5  6  7  8  9 10 11 |
---------------+----------------------------------+-----
Axes           | 2 3 4 5 6 7 8 |  8.0
Invocations    | 1 2 3 4 5 6 7 |  7.8
Shields        | 3 4 5 6 7 8 |  8.3
Armour         | 3 4 5 6 |  6.1
Dodging        | 1 2 3 4 5 |  5.2
Evocations     | 1 2 3 4 5 |  5.7
Fighting       | 4 5 6 |  6.9

Action                     |  1- 3 |  4- 6 |  7- 9 | 10-12 || total
---------------------------+-------+-------+-------+-------++-------
  Melee: War axe           |   101 |   204 |   320 |   101 ||   726
         Tailslap          |     7 |    20 |    51 |    90 ||   168
         Demon whip        |       |       |       |   331 ||   331
  Throw: Throwing net      |       |       |       |     1 ||     1
 Invoke: Upheaval          |       |       |       |     9 ||     9
  Evoke: Wand              |       |     2 |     1 |    11 ||    14
    Use: Scroll            |       |       |    13 |     7 ||    20
         Potion            |       |       |     5 |    10 ||    15
 Armour: Scale mail        |    96 |   156 |    90 |       ||   342
         Plate armour      |       |       |    85 |   244 ||   329
         Skin              |       |       |       |     4 ||     4
  Dodge: Dodged            |    48 |    84 |    98 |    74 ||   304
  Block: Buckler           |    33 |    90 |    59 |       ||   182
         Kite shield       |       |       |   220 |   504 ||   724

Table legend: (Time is in decaauts)
 A = Elapsed time spent in this place.
 B = Non-inter-level travel time spent in this place.
 C = Inter-level travel time spent in this place.
 D = Time resting spent in this place.
 E = Time spent auto-exploring this place.
 F = Levels seen in this place.
 G = Mean time per level.
                   A        B        C        D        E       F      G
               +--------+--------+--------+--------+--------+-----+--------+
         Total |  10358 |  10031 |    327 |    653 |   6712 |  13 |  796.8 |
       Dungeon |  10104 |   9777 |    327 |    650 |   6684 |  11 |  918.5 |
        Temple |     61 |     61 |      0 |      0 |      0 |   1 |   61.0 |
        Bailey |    192 |    192 |      0 |      3 |     27 |   1 |  192.0 |
               +--------+--------+--------+--------+--------+-----+--------+

Top non-repeatable levels by time:
     D:5: 1496 daAuts
     D:3: 1372 daAuts
     D:8: 1328 daAuts
     D:9: 1051 daAuts
     D:6: 901 daAuts
     D:2: 822 daAuts
    D:10: 822 daAuts
     D:4: 725 daAuts
     D:7: 628 daAuts
     D:1: 555 daAuts
    D:11: 399 daAuts
  Bailey: 192 daAuts
  Temple: 61 daAuts
